 Dungeon Crawl Stone Soup version 0.28-a0-589-g333b8329f1 (webtiles) character file.

Game seed: 755137092549314562

180 sanka the Distorting Palentonga (level 5, 0/43 HPs)
             Began as a Palentonga Abyssal Knight on Oct 3, 2021.
             Was a Believer of Lugonu.
             Slain by a fire bat (1 damage)
             ... on level 3 of the Dungeon.
             The game lasted 00:03:41 (3268 turns).

sanka the Distorting Palentonga (PaAK)              Turns: 3268, Time: 00:03:41

Health: 0/43       AC:  4    Str: 17    XL:     5   Next: 33%
Magic:  9/9        EV:  9    Int: 11    God:    Lugonu [**....]
Gold:   161        SH:  0    Dex: 10    Spells: 4/4 levels left

rFire   . . .      SeeInvis +   a - +0 war axe
rCold   . . .      Faith    .   (no shield)
rNeg    . . .      Spirit   .   b - +0 leather armour
rPois   .          Reflect  .   (no helmet)
rElec   .          Harm     .   (no cloak)
rCorr   .          Rampage  .   (no gloves)
Will    .....                   (no barding)
Stlth   +.........              (no amulet)
HPRegen 0.14/turn               (no ring)
MPRegen 0.11/turn               (no ring)

@: mighty
A: large, rugged brown scales 3, see invisible, deformed body, roll 1, armoured
tail
a: Rolling Charge, Renounce Religion, Depart the Abyss, Bend Space


You were on level 3 of the Dungeon.
You worshipped Lugonu.
Lugonu was pleased with you.
You visited 1 branch of the dungeon, and saw 3 of its levels.
You visited the Abyss 1 time.

You collected 161 gold pieces.


Innate Abilities, Weirdness & Mutations

You are completely covered in rugged brown scales. (AC +3, +7% HP)
You have supernaturally acute eyesight. (SInv)
Armour fits poorly on your strangely shaped body.
You can roll at nearby foes to attack.
You have a long armoured tail.


   Skills:
 - Level 3.0 Fighting
 + Level 2.3 Axes
 - Level 1.5 Armour
 - Level 0.7 Dodging
 + Level 5.9 Invocations


You had 4 spell levels left.
You didn't know any spells.
Your spell library was empty.

Inventory:

Hand Weapons
 a - a +0 war axe (weapon)
 l - a +1 hand axe
Armour
 b - a +0 leather armour (worn)
 e - a +0 pair of gloves
Scrolls
 g - a scroll of acquirement {unknown}
 h - a scroll of identify {unknown}
 k - a scroll of blinking {unknown}
Potions
 c - 2 potions of curing {unknown}
 d - a potion of attraction {unknown}
 f - a potion of flight {unknown}
 i - a potion of might
 j - a potion of haste {unknown}

Dungeon Overview and Level Annotations

Branches:
Dungeon (3/15)

Altars:

Annotations:
D:3 2 transporters, hjaiej13's ghost, amateur TeAE

▒▒ ▒. ▒▒ ▒.
▒.▒▒. ▒▒ ▒.▒.▒
.. ▒▒▒▒▒†.▒▒▒
.. ▒..▒▒.†..▒▒▒
Z▒
▒.▒..†▒▒▒.b▒▒Z▒
▒.▒▒▒▒▒ ▒▒bHb▒
▒▒.▒ ▒▒b▒▒ ▒.(▒
.b▒ ▒▒▒▒▒.▒▒
..▒▒ ......▒
..▒ ..▒▒▒▒▒ ..▒
.▒▒▒▒ ▒▒▒ ....▒
.▒▒.▒▒▒▒


You could see a ghost-faced bat, 2 fire bats, an ice bat, a vampire bat, a giga
bat and a microbat.


Message History

You hit the fire bat. The fire bat bites you.
* * * LOW HITPOINT WARNING * * *
You are engulfed in flames.
* * * LOW HITPOINT WARNING * * *
The fire bat bites you but does no damage.
The giga bat hits you but does no damage.
The microbat hits you but does no damage.
The fire bat bites you.
* * * LOW HITPOINT WARNING * * *
You are engulfed in flames.
* * * LOW HITPOINT WARNING * * *
The fire bat barely misses you.
The giga bat hits you but does no damage.
The microbat hits you.
* * * LOW HITPOINT WARNING * * *
The fire bat bites you.
* * * LOW HITPOINT WARNING * * *
You are engulfed in flames.
* * * LOW HITPOINT WARNING * * *
The fire bat misses you. The giga bat hits you.
* * * LOW HITPOINT WARNING * * *
The microbat hits you but does no damage.
It was a potion of might.
You feel very mighty all of a sudden. The fire bat bites you.
* * * LOW HITPOINT WARNING * * *
You are engulfed in flames.
You die...

Action                   |  1- 3 |  4- 6 || total
-------------------------+-------+-------++-------
Melee: Hand axe          |   111 |    41 ||   152
       Tailslap          |     7 |     6 ||    13
       War axe           |       |    25 ||    25
 Abil: Rolling Charge    |    26 |    11 ||    37
  Use: Potion            |       |     1 ||     1
 Stab: Sleeping          |       |     1 ||     1
Armor: Leather armour    |    35 |    76 ||   111
Dodge: Dodged            |    50 |    63 ||   113

Levels and vault maps discovered:
D:1:      amcnicky_arrival_feature_with_door, layout_loops_ring
D:2:      layout_basic
D:3:      cheibrodos_pilgrimage, layout_rooms, gammafunk_ghost_mausoleum,
          hellmonk_ecumenical_altar_leap_of_faith, minmay_curled_crystal,
          goddamned_bats

Notes
Turn   | Place    | Note
-------+----------+-------------------------------------------
     0 | Abyss:1  | sanka the Palentonga Abyssal Knight began the quest for the
                  | Orb.
     0 | Abyss:1  | Reached XP level 1. HP: 19/19 MP: 2/2
    69 | D:1      | Escaped the Abyss
   204 | D:1      | Reached XP level 2. HP: 25/25 MP: 4/4
   319 | D:1      | Reached skill level 3 in Invocations
   581 | D:1      | Reached XP level 3. HP: 20/31 MP: 5/5
   910 | D:1      | Reached ** piety under Lugonu
  1191 | D:2      | Reached skill level 4 in Invocations
  1754 | D:2      | Reached XP level 4. HP: 31/37 MP: 7/7
  1971 | D:2      | Reached skill level 5 in Invocations
  2249 | D:3      | Found a transporter.
  2249 | D:3      | Noticed hjaiej13's ghost (amateur TeAE)
  2251 | D:3      | Noticed a phantom
  2254 | D:3      | Found a transporter.
  2304 | D:3      | Found a faded altar of an unknown god.
  2307 | D:3      | Identified a +0 robe of resistance
  2349 | D:3      | Reached XP level 5. HP: 9/43 MP: 9/9
  3267 | D:3      | HP: 4/43 [giga bat (1)]
  3268 | D:3      | HP: 1/43 [fire bat (3)]
  3268 | D:3      | Slain by a fire bat

Vanquished Creatures
  An orc wizard (D:3)
  5 adders (D:2)
  2 worms
  2 dart slugs
  4 orcs
  A spectral bat (D:3)
  3 ball pythons (D:2)
  3 bat skeletons (D:3)
  10 endoplasms
  A giant cockroach (D:1)
  5 hobgoblins
  6 jackals (D:1)
  A quokka (D:2)
  9 bats
  3 frilled lizards
  5 goblins
  6 kobolds
  5 rats
72 creatures vanquished.
